Map: Void Zone

Players

Loken

  • Race: Protoss Protoss
  • League: Platinum
  • Spawn Location: 1:00

Myran

  • Race: Protoss Protoss
  • Spawn Location: 11:00

dallaskuken

  • Race: Protoss Protoss
  • League: Platinum
  • Spawn Location: 1:00

Rugi

  • Race: Zerg Zerg
  • League: Master
  • Spawn Location: 1:00

Belqta

  • Race: Protoss Protoss
  • League: Diamond
  • Spawn Location: 5:00

raiver

  • Race: Terran Terran
  • Spawn Location: 7:00

INTHEMIX

  • Race: Protoss Protoss
  • Spawn Location: 5:00

tnsl

  • Race: Terran Terran
  • Spawn Location: 5:00

VOD

Have the link to the VOD?

Description

Time

  • Played on: March 13, 2017, 7:45 p.m.
  • Length: 20:01
Show
View Real Time Build Order
Export as new Build Order

Loken Protoss 

Build Orders:  

Get SALT Encoding   

  12  0:02  Probe (Chrono Boost)  
  13  0:13  Probe (Chrono Boost)  
  14  0:21  Pylon  
  14  0:26  Probe (Chrono Boost)  
  15  0:39  Probe (Chrono Boost)  
  15  0:41  Gateway  
  16  0:49  Probe (Chrono Boost)  
  17  0:54  Gateway  
  17  1:04  Gateway  
  17  1:06  Probe (Chrono Boost)  
  18  1:14  Pylon  
  18  1:32  Cybernetics Core, Zealot  
  20  1:36  Assimilator  
  20  1:41  Zealot  
  22  1:51  Zealot  
  24  1:57  Probe (Chrono Boost)  
  24  1:59  Zealot  
  27  2:07  Probe (Chrono Boost)  
  28  2:09  Zealot  
  28  2:13  Warp Gate  
  28  2:14  Pylon  
  30  2:32  Zealot  
  30  2:33  Zealot  
  34  2:38  Zealot  
  30  3:16  Stalker x3  
  36  3:47  Assimilator  
  37  3:49  Probe (Chrono Boost), Nexus  
  37  4:01  Probe (Chrono Boost)  
  39  4:17  Probe (Chrono Boost)  
  39  4:21  Pylon  
  39  4:23  Pylon  
  39  4:26  Pylon  
  39  4:41  Stalker x3, Probe (Chrono Boost)  
  45  4:53  Probe (Chrono Boost)  
  35  5:19  Stalker x3  
  41  5:25  Probe (Chrono Boost)  
  42  5:31  Probe (Chrono Boost)  
  44  5:35  Probe (Chrono Boost)  
  45  5:43  Probe (Chrono Boost)  
  45  5:46  Probe (Chrono Boost)  
  46  5:51  Twilight Council  
  46  5:55  Probe (Chrono Boost)  
  46  5:57  Probe (Chrono Boost)  
  48  5:59  Stalker  
  48  6:00  Stalker  
  48  6:02  Stalker  
  54  6:07  Probe (Chrono Boost)  
  54  6:08  Probe (Chrono Boost)  
  56  6:13  Blink  
  56  6:18  Probe (Chrono Boost)  
  58  6:20  Probe (Chrono Boost)  
  58  6:26  Forge  
  58  6:35  Probe (Chrono Boost)  
  58  6:39  Stalker  
  61  6:40  Stalker  
  61  6:43  Stalker  
  61  6:46  Probe (Chrono Boost)  
  66  6:53  Forge  
  66  6:56  Probe (Chrono Boost)  
  66  7:00  Gateway  
  67  7:04  Gateway  
  67  7:07  Probe (Chrono Boost)  
  68  7:17  Probe (Chrono Boost)  
  68  7:20  Pylon  
  68  7:22  Pylon  
  69  7:24  Pylon  
  69  7:32  Stalker x2  
  69  7:33  Stalker  
  75  7:47  Assimilator  
  75  7:48  Assimilator  
  75  8:21  Protoss Ground Weapons Level 1  
  75  8:22  Protoss Ground Armor Level 1  
  75  8:30  Stalker x5  
  85  8:54  Stalker x2  
  85  8:55  Stalker x3  
  63  9:22  Zealot x2  
  63  9:23  Zealot x3  
  48  9:31  Charge  
  48  9:37  Gateway  
  39  9:41  Gateway  
  39  9:44  Gateway  
  39  9:46  Gateway  
  39  9:48  Zealot x3  
  39  9:49  Zealot x2  
  49  9:59  Probe (Chrono Boost)  
  50  10:06  Probe (Chrono Boost)  
  51  10:10  Probe (Chrono Boost)  
  52  10:18  Probe (Chrono Boost)  
  52  10:20  Probe (Chrono Boost)  
  54  10:30  Probe (Chrono Boost)  
  54  10:31  Probe (Chrono Boost)  
  56  10:41  Probe (Chrono Boost)  
  57  10:52  Zealot x3  
  57  10:53  Zealot x5  
  57  10:54  Zealot  
  75  11:09  Dark Shrine  
  75  11:17  Zealot x4  
  75  11:18  Zealot x4  
  89  11:19  Zealot  
  89  11:22  Protoss Ground Weapons Level 2, Protoss Ground Armor Level 2  
  59  12:49  Dark Templar x2  
  59  12:50  Dark Templar x5  
  59  12:51  Dark Templar x2  
  41  14:09  Zealot  
  39  14:10  Zealot x6  
  39  14:11  Zealot x2  
  39  14:16  Protoss Ground Weapons Level 3  
  55  14:18  Protoss Ground Armor Level 3  
  55  14:36  Zealot x3  
  55  14:37  Zealot x5  
  55  14:38  Zealot  
  73  14:43  Pylon  
  73  14:45  Pylon  
  73  14:47  Pylon  
  73  14:48  Pylon  
  73  14:50  Pylon  
  73  15:00  Dark Templar x2  
  73  15:01  Dark Templar x4  
  39  16:02  Dark Templar  
  41  16:05  Dark Templar x3  
  41  16:10  Dark Templar x2  
  47  17:52  Dark Templar  
  47  17:53  Dark Templar x3  
  47  17:54  Dark Templar x4  
  37  19:42  Dark Templar x3  
Show
View Real Time Build Order
Export as new Build Order

Myran Protoss 

Build Orders:  

Get SALT Encoding   

  12  0:02  Probe (Chrono Boost)  
  13  0:12  Probe (Chrono Boost)  
  14  0:22  Pylon  
  14  0:24  Probe (Chrono Boost)  
  15  0:41  Probe (Chrono Boost)  
  16  0:46  Gateway  
  16  0:51  Probe (Chrono Boost)  
  17  1:02  Probe (Chrono Boost)  
  17  1:03  Forge  
  18  1:12  Probe (Chrono Boost)  
  19  1:21  Assimilator  
  19  1:23  Probe (Chrono Boost)  
  20  1:31  Pylon  
  20  1:33  Probe (Chrono Boost)  
  20  1:35  Zealot  
  23  1:49  Probe (Chrono Boost)  
  24  2:00  Cybernetics Core, Probe (Chrono Boost)  
  25  2:07  Photon Cannon, Zealot  
  27  2:13  Probe (Chrono Boost)  
  28  2:36  Probe (Chrono Boost)  
  29  2:46  Zealot  
  29  2:50  Nexus  
  31  2:59  Pylon  
  31  3:07  Warp Gate, Assimilator  
  31  3:10  Pylon  
  31  3:14  Stargate  
  31  3:17  Probe (Chrono Boost)  
  32  3:27  Photon Cannon  
  32  3:28  Probe (Chrono Boost)  
  32  3:31  Assimilator  
  32  3:32  Assimilator  
  33  3:36  Stalker  
  36  3:43  Probe (Chrono Boost)  
  36  3:55  Probe (Chrono Boost)  
  37  4:07  Probe (Chrono Boost), Void Ray  
  42  4:16  Probe (Chrono Boost)  
  43  4:27  Probe (Chrono Boost)  
  43  4:31  Photon Cannon  
  44  4:37  Pylon, Probe (Chrono Boost)  
  44  4:38  Probe (Chrono Boost)  
  46  4:47  Cybernetics Core  
  46  4:48  Probe (Chrono Boost)  
  46  4:49  Stargate  
  46  4:50  Probe (Chrono Boost)  
  46  4:52  Pylon  
  48  4:58  Probe (Chrono Boost)  
  49  5:05  Protoss Air Weapons Level 1  
  49  5:07  Void Ray  
  49  5:12  Probe (Chrono Boost)  
  54  5:15  Probe (Chrono Boost)  
  55  5:22  Protoss Air Armor Level 1  
  55  5:26  Probe (Chrono Boost)  
  56  5:37  Probe (Chrono Boost)  
  56  5:38  Protoss Shields Level 1  
  57  5:44  Void Ray  
  61  5:58  Void Ray  
  61  6:02  Probe (Chrono Boost)  
  66  6:05  Probe (Chrono Boost)  
  67  6:14  Probe (Chrono Boost)  
  67  6:17  Probe (Chrono Boost)  
  69  6:25  Gateway  
  69  6:26  Gateway  
  69  6:31  Photon Cannon  
  69  6:34  Void Ray  
  73  6:40  Probe (Chrono Boost)  
  73  6:41  Void Ray  
  70  6:48  Probe (Chrono Boost)  
  68  7:01  Probe (Chrono Boost)  
  69  7:07  Pylon  
  69  7:09  Pylon  
  69  7:11  Probe (Chrono Boost)  
  69  7:13  Probe (Chrono Boost)  
  71  7:17  Stalker  
  71  7:21  Void Ray  
  77  7:25  Probe (Chrono Boost)  
  79  7:37  Probe (Chrono Boost)  
  79  7:51  Void Ray, Nexus  
  83  8:06  Fleet Beacon  
  83  8:23  Void Ray  
  87  8:34  Pylon  
  87  8:38  Pylon  
  65  8:58  Probe (Chrono Boost)  
  66  9:05  Assimilator  
  66  9:09  Assimilator  
  67  9:10  Phoenix x2, Probe (Chrono Boost)  
  70  9:22  Probe (Chrono Boost)  
  70  9:34  Probe (Chrono Boost)  
  70  9:35  Void Ray  
  76  9:46  Probe (Chrono Boost)  
  77  9:52  Probe (Chrono Boost)  
  78  10:00  Probe (Chrono Boost)  
  78  10:03  Probe (Chrono Boost)  
  79  10:09  Void Ray  
  79  10:12  Probe (Chrono Boost)  
  79  10:13  Probe (Chrono Boost)  
  85  10:21  Protoss Air Weapons Level 2  
  85  10:24  Probe x2 (Chrono Boost)  
  87  10:33  Void Ray  
  87  10:35  Probe (Chrono Boost)  
  93  10:36  Probe (Chrono Boost)  
  94  10:44  Probe (Chrono Boost)  
  94  10:50  Anion Pulse-Crystals  
  94  10:56  Probe (Chrono Boost)  
  95  10:57  Void Ray  
  95  11:02  Probe (Chrono Boost)  
  100  11:13  Probe (Chrono Boost)  
  100  11:16  Void Ray  
  105  11:24  Probe (Chrono Boost)  
  106  11:40  Phoenix  
  100  12:04  Void Ray  
  100  12:05  Void Ray  
  94  12:40  Protoss Air Weapons Level 3  
  94  12:43  Stargate, Protoss Air Armor Level 2  
  94  12:45  Stargate  
  94  12:47  Void Ray x2  
  94  12:51  Probe (Chrono Boost)  
  103  12:55  Probe (Chrono Boost)  
  103  12:58  Graviton Catapult  
  104  13:01  Probe (Chrono Boost)  
  105  13:07  Probe (Chrono Boost)  
  105  13:12  Probe (Chrono Boost)  
  107  13:22  Probe (Chrono Boost)  
  107  13:26  Nexus  
  108  13:30  Phoenix x2  
  108  13:33  Pylon  
  112  13:36  Pylon  
  112  13:38  Phoenix  
  112  13:39  Pylon  
  114  13:55  Void Ray  
  118  13:58  Phoenix  
  120  14:03  Phoenix  
  114  14:26  Void Ray  
  114  14:28  Void Ray  
  106  14:38  Void Ray  
  70  14:41  Zealot x2  
  70  14:42  Zealot  
  70  14:45  Void Ray  
  56  15:09  Void Ray  
  63  15:24  Phoenix  
  65  15:28  Phoenix  
  53  15:44  Stalker  
  53  15:49  Phoenix  
Show
View Real Time Build Order
Export as new Build Order

dallaskuken Protoss 

Build Orders:  

Get SALT Encoding   

  12  0:01  Probe (Chrono Boost)  
  13  0:18  Probe (Chrono Boost)  
  14  0:28  Pylon  
  14  0:29  Probe (Chrono Boost)  
  15  0:46  Forge  
  15  0:48  Probe (Chrono Boost)  
  16  1:15  Pylon  
  16  1:27  Pylon  
  16  1:31  Assimilator  
  16  1:46  Photon Cannon  
  16  1:52  Photon Cannon  
  16  2:07  Pylon  
  16  2:11  Photon Cannon  
  15  2:17  Probe (Chrono Boost)  
  16  2:28  Probe (Chrono Boost)  
  17  2:38  Nexus  
  17  2:47  Pylon  
  17  2:49  Pylon  
  17  3:07  Photon Cannon  
  17  3:09  Photon Cannon  
  17  3:12  Photon Cannon, Probe (Chrono Boost)  
  18  3:22  Probe (Chrono Boost)  
  19  3:37  Probe (Chrono Boost)  
  20  3:47  Assimilator  
  20  3:48  Probe (Chrono Boost)  
  21  3:51  Assimilator  
  21  3:53  Probe (Chrono Boost)  
  22  3:58  Probe (Chrono Boost)  
  23  4:04  Probe (Chrono Boost)  
  23  4:09  Probe (Chrono Boost)  
  25  4:14  Probe (Chrono Boost)  
  26  4:19  Probe (Chrono Boost)  
  22  4:25  Gateway, Probe (Chrono Boost)  
  22  4:30  Probe (Chrono Boost)  
  22  4:35  Probe (Chrono Boost)  
  19  4:47  Probe (Chrono Boost)  
  20  4:56  Photon Cannon  
  20  4:58  Probe (Chrono Boost)  
  21  5:00  Pylon  
  21  5:04  Probe (Chrono Boost)  
  22  5:08  Probe (Chrono Boost)  
  23  5:14  Probe (Chrono Boost)  
  23  5:21  Photon Cannon  
  24  5:25  Probe (Chrono Boost)  
  25  5:32  Probe (Chrono Boost)  
  26  5:38  Probe (Chrono Boost)  
  27  5:43  Probe (Chrono Boost)  
  27  5:49  Probe (Chrono Boost)  
  29  5:54  Probe (Chrono Boost)  
  30  5:59  Probe (Chrono Boost)  
  31  6:04  Probe (Chrono Boost)  
  31  6:07  Cybernetics Core  
  31  6:10  Photon Cannon, Probe (Chrono Boost)  
  33  6:15  Probe (Chrono Boost)  
  34  6:20  Probe (Chrono Boost)  
  34  6:21  Assimilator  
  34  6:25  Assimilator  
  35  6:31  Probe (Chrono Boost)  
  36  6:41  Probe (Chrono Boost)  
  36  6:46  Gateway x2  
  37  6:52  Probe (Chrono Boost)  
  38  6:54  Stargate  
  38  7:00  Probe (Chrono Boost)  
  39  7:02  Probe (Chrono Boost)  
  40  7:09  Warp Gate  
  40  7:10  Probe (Chrono Boost)  
  40  7:13  Probe (Chrono Boost)  
  42  7:21  Probe (Chrono Boost)  
  43  7:23  Pylon, Probe (Chrono Boost)  
  43  7:24  Pylon  
  43  7:26  Pylon  
  44  7:31  Probe (Chrono Boost)  
  45  7:40  Void Ray  
  45  7:42  Probe (Chrono Boost)  
  50  7:48  Fleet Beacon  
  50  8:29  Nexus  
  50  8:35  Pylon  
  50  8:38  Pylon  
  50  8:39  Carrier  
  50  8:40  Pylon  
  52  9:27  Stalker x3  
  58  9:43  Photon Cannon  
  58  9:45  Photon Cannon  
  58  9:47  Photon Cannon  
  58  10:04  Carrier  
  64  10:17  Stalker x3  
  70  10:49  Stargate  
  70  10:50  Stargate  
  70  10:51  Probe (Chrono Boost)  
  70  10:56  Gateway  
  71  10:59  Gateway  
  71  11:02  Gateway, Probe (Chrono Boost)  
  70  11:04  Gateway  
  70  11:06  Gateway  
  70  11:09  Gateway  
  63  11:11  Stalker  
  63  11:12  Stalker x2, Probe (Chrono Boost)  
  62  11:23  Probe (Chrono Boost)  
  45  11:30  Carrier  
  44  11:33  Probe (Chrono Boost)  
  38  11:43  Phoenix x2  
  42  12:00  Probe (Chrono Boost)  
  43  12:08  Phoenix x2  
  41  12:11  Probe (Chrono Boost)  
  41  12:14  Stalker  
  41  12:15  Stalker x2  
  44  12:21  Probe (Chrono Boost)  
  43  12:32  Probe (Chrono Boost)  
  43  12:33  Phoenix x2  
  48  12:43  Probe (Chrono Boost)  
  49  12:52  Stalker x3  
  49  12:53  Probe (Chrono Boost)  
  49  12:56  Probe (Chrono Boost)  
  57  13:03  Assimilator  
  57  13:04  Probe (Chrono Boost)  
  58  13:06  Assimilator  
  58  13:07  Probe (Chrono Boost)  
  59  13:17  Probe (Chrono Boost)  
  60  13:28  Probe (Chrono Boost)  
  60  13:30  Stalker  
  60  13:31  Stalker  
  60  13:33  Phoenix x2  
  69  13:38  Probe (Chrono Boost)  
  70  13:49  Probe (Chrono Boost)  
  70  13:51  Probe (Chrono Boost)  
  72  14:02  Probe (Chrono Boost)  
  73  14:13  Probe (Chrono Boost)  
  74  14:23  Probe (Chrono Boost)  
  54  14:56  Carrier x2  
  66  15:12  Probe (Chrono Boost)  
  67  15:22  Probe (Chrono Boost)  
  66  15:47  Pylon  
  66  15:57  Stalker x4  
  66  15:58  Stalker x3  
  80  16:21  Carrier  
  80  16:22  Carrier  
  87  17:47  Carrier x2  
  69  18:25  Stalker x4  
  69  18:26  Stalker x5  
  71  18:55  Stalker x3  
  71  18:56  Stalker x6  
  51  19:34  Stalker x5  
  51  19:35  Stalker x2  
  51  19:36  Stalker x2  
Show
View Real Time Build Order
Export as new Build Order

Rugi Zerg 

Build Orders: Hatch First, Muta Ling Bane 

Get SALT Encoding   

  12  0:00  Drone  
  13  0:08  Drone  
  14  0:37  Hatchery  
  13  0:51  Spawning Pool  
  13  0:55  Drone  
  13  0:58  Drone  
  14  1:07  Drone, Extractor  
  15  1:14  Overlord  
  15  1:37  Zergling x2  
  15  1:38  Queen  
  19  1:40  Zergling x2  
  19  1:48  Queen  
  21  1:56  Spine Crawler  
  20  2:05  Spine Crawler  
  19  2:14  Spine Crawler  
  18  2:18  Drone  
  19  2:33  Drone x3  
  22  2:46  Drone  
  22  2:47  Extractor  
  20  3:08  Queen  
  22  3:16  Drone x3  
  25  3:25  Drone  
  25  3:26  Drone x2  
  28  3:27  Overlord  
  28  3:43  Overlord  
  28  4:02  Drone x5  
  35  4:16  Drone x4  
  37  4:26  Hatchery  
  35  4:32  Spore Crawler  
  35  4:36  Drone x3  
  35  4:37  Drone x2  
  38  4:40  Drone  
  36  5:11  Hatchery, Overlord  
  36  5:12  Overlord  
  35  5:23  Overlord  
  35  5:26  Overlord  
  35  5:38  Zergling x2  
  35  5:39  Zergling x6  
  39  5:44  Metabolic Boost  
  39  5:49  Drone  
  40  5:51  Drone  
  41  5:58  Drone  
  41  5:59  Drone x2  
  41  6:03  Drone  
  45  6:06  Drone x2  
  45  6:08  Drone  
  48  6:14  Lair  
  48  6:18  Drone  
  48  6:20  Drone  
  48  6:24  Drone x2  
  52  6:26  Drone  
  53  6:34  Drone  
  53  6:35  Drone x3  
  57  6:40  Drone x2  
  57  6:42  Drone  
  57  6:46  Drone  
  61  6:48  Overlord  
  61  6:49  Extractor  
  61  6:50  Extractor  
  59  7:03  Extractor x2  
  59  7:05  Drone x7  
  59  7:07  Drone x4  
  68  7:10  Drone x3  
  68  7:14  Drone  
  72  7:18  Extractor  
  72  7:20  Spire  
  72  7:21  Drone  
  71  7:23  Zergling x2  
  72  7:30  Drone  
  72  7:31  Drone  
  72  7:33  Overlord x4  
  74  7:42  Evolution Chamber, Baneling Nest  
  74  7:43  Evolution Chamber  
  71  7:46  Drone x3  
  71  7:49  Overlord  
  74  7:54  Drone x5  
  74  7:55  Drone  
  80  8:11  Hatchery, Zerg Melee Weapons Level 1, Zerg Ground Armor Level 1  
  79  8:31  Overlord  
  79  8:34  Mutalisk  
  79  8:35  Mutalisk x8  
  79  8:36  Mutalisk  
  79  8:40  Zergling x6  
  102  8:46  Baneling Nest  
  102  8:47  Zergling x8  
  106  8:48  Zergling x2  
  106  8:59  Baneling x3  
  106  9:00  Centrifical Hooks  
  107  9:03  Zergling x10  
  112  9:23  Zergling x6  
  112  9:24  Zergling x10  
  119  9:26  Baneling x10  
  119  9:27  Baneling x4  
  119  9:34  Spore Crawler  
  119  9:35  Spore Crawler x2  
  119  9:36  Spore Crawler  
  119  9:37  Spore Crawler x2  
  111  9:38  Drone, Spore Crawler  
  111  9:41  Mutalisk  
  111  9:42  Mutalisk x3  
  107  9:54  Zergling x2  
  107  9:55  Zergling x14  
  109  10:00  Queen  
  113  10:11  Mutalisk x2  
  113  10:12  Mutalisk x2  
  117  10:16  Zergling x2  
  117  10:17  Zergling x4  
  117  10:19  Baneling  
  117  10:20  Baneling, Overlord x3  
  118  10:25  Zerg Melee Weapons Level 2  
  118  10:27  Zerg Ground Armor Level 2  
  116  10:29  Zergling x4  
  94  10:43  Zergling x2  
  94  10:44  Zergling x20  
  103  10:50  Baneling  
  103  10:51  Baneling x8  
  103  10:57  Zergling x12  
  104  11:18  Zergling x16  
  91  11:26  Baneling x5  
  91  11:30  Zergling x8  
  91  11:31  Zergling x20  
  103  11:34  Baneling  
  91  11:50  Corruptor  
  91  11:51  Corruptor x4  
  101  11:55  Zerg Flyer Weapons Level 1  
  101  12:05  Corruptor x3  
  107  12:14  Corruptor  
  107  12:15  Corruptor  
  111  12:19  Corruptor  
  113  12:35  Corruptor x2  
  113  12:36  Corruptor x2  
  119  12:47  Overlord x3  
  119  12:50  Baneling x5  
  119  12:51  Overlord  
  119  13:00  Overlord  
  119  13:05  Queen  
  121  13:23  Corruptor x4  
  121  13:24  Corruptor  
  131  13:30  Infestation Pit  
  130  13:47  Corruptor x3  
  130  13:48  Corruptor x2  
  140  14:05  Corruptor  
  140  14:06  Corruptor x2  
  140  14:08  Zergling x10  
  140  14:09  Zergling x8  
  155  14:23  Baneling  
  155  14:24  Baneling x10  
  148  14:39  Zergling x2, Corruptor x3  
  153  14:49  Hive  
  152  14:57  Zergling x2  
  152  14:58  Zergling x12  
  157  15:11  Corruptor x2  
  75  16:00  Infestor x3  
  75  16:03  Burrow  
  80  16:08  Corruptor x2  
  80  16:09  Corruptor x3  
  90  16:11  Zergling x2  
  90  16:12  Zergling x10  
  96  17:25  Corruptor x6  
  96  17:28  Zergling x10  
  96  17:29  Zergling x8  
  114  17:54  Infestor x2  
  114  17:55  Infestor  
  108  18:08  Corruptor x3  
  114  18:37  Corruptor x2  
  114  19:05  Corruptor x5  
Show
View Real Time Build Order
Export as new Build Order

Belqta Protoss 

Build Orders:  

Get SALT Encoding   

  12  0:01  Probe (Chrono Boost)  
  13  0:20  Pylon  
  13  0:23  Probe (Chrono Boost)  
  14  0:34  Probe (Chrono Boost)  
  15  0:42  Gateway  
  15  0:44  Probe (Chrono Boost)  
  15  0:48  Assimilator  
  16  0:55  Probe (Chrono Boost)  
  17  1:12  Probe (Chrono Boost)  
  18  1:33  Cybernetics Core  
  18  1:34  Forge  
  17  2:01  Pylon  
  17  2:10  Photon Cannon  
  17  2:11  Photon Cannon  
  17  2:16  Mothership Core (Chrono Boost)  
  17  2:22  Nexus  
  19  2:37  Photon Cannon  
  16  3:13  Photon Cannon  
  16  3:38  Pylon  
  16  4:07  Photon Cannon  
  16  4:16  Stargate  
  16  4:39  Assimilator  
  16  4:40  Probe (Chrono Boost)  
  17  4:50  Probe (Chrono Boost)  
  18  4:59  Probe (Chrono Boost)  
  19  5:01  Probe (Chrono Boost)  
  20  5:10  Probe (Chrono Boost)  
  20  5:11  Probe (Chrono Boost)  
  22  5:14  Phoenix  
  22  5:20  Probe (Chrono Boost)  
  25  5:32  Assimilator  
  25  5:34  Probe (Chrono Boost)  
  26  5:36  Assimilator  
  26  5:37  Probe (Chrono Boost)  
  26  5:39  Pylon  
  27  5:43  Pylon  
  27  5:47  Phoenix, Pylon  
  29  6:12  Phoenix  
  29  6:15  Probe x2 (Chrono Boost)  
  33  6:23  Stargate  
  33  6:26  Probe x2 (Chrono Boost)  
  35  6:40  Phoenix  
  35  6:43  Probe x2 (Chrono Boost)  
  39  6:53  Probe x2 (Chrono Boost)  
  41  7:03  Phoenix  
  41  7:08  Phoenix  
  43  7:15  Protoss Air Weapons Level 1  
  45  7:39  Phoenix x2  
  51  7:45  Probe x2 (Chrono Boost)  
  51  7:55  Stargate  
  51  7:56  Pylon  
  51  7:57  Probe (Chrono Boost)  
  52  8:00  Pylon, Probe (Chrono Boost)  
  52  8:04  Phoenix  
  53  8:11  Phoenix  
  57  8:22  Probe (Chrono Boost)  
  57  8:23  Probe (Chrono Boost)  
  59  8:29  Phoenix  
  61  8:44  Fleet Beacon  
  61  8:46  Probe (Chrono Boost)  
  62  9:01  Phoenix x2  
  62  9:04  Phoenix  
  62  9:08  Probe x2 (Chrono Boost)  
  70  9:25  Phoenix x2  
  74  9:44  Nexus  
  74  10:00  Phoenix x2  
  78  10:10  Pylon  
  78  10:14  Pylon  
  78  10:18  Pylon  
  78  10:24  Pylon  
  78  10:25  Phoenix  
  78  10:28  Phoenix  
  82  10:35  Phoenix  
  82  10:36  Anion Pulse-Crystals  
  82  10:37  Protoss Air Weapons Level 2  
  72  11:36  Phoenix x2  
  72  11:40  Phoenix  
  74  11:49  Pylon  
  74  11:52  Pylon  
  74  11:56  Probe (Chrono Boost)  
  74  11:57  Probe x2 (Chrono Boost)  
  74  11:58  Phoenix x2  
  74  11:59  Assimilator  
  77  12:05  Phoenix, Assimilator  
  83  12:18  Stargate  
  83  12:20  Phoenix x2  
  86  13:02  Phoenix x2  
  86  13:05  Phoenix x2  
  96  13:12  Probe (Chrono Boost)  
  96  13:13  Probe x2 (Chrono Boost)  
  96  13:19  Pylon  
  97  13:20  Pylon  
  97  13:23  Phoenix x2  
  97  13:24  Pylon  
  97  13:25  Protoss Air Weapons Level 3, Probe (Chrono Boost)  
  97  13:26  Pylon  
  100  13:30  Phoenix  
  100  13:33  Pylon  
  92  14:12  Photon Cannon  
  92  14:14  Phoenix x2  
  92  14:16  Photon Cannon  
  92  14:17  Phoenix x2  
  92  14:18  Photon Cannon  
  92  14:24  Photon Cannon  
  100  14:36  Phoenix  
  100  14:37  Phoenix, Probe (Chrono Boost)  
  103  14:38  Probe x2 (Chrono Boost)  
  103  14:42  Phoenix  
  97  15:52  Phoenix x2  
  97  15:55  Phoenix x2  
  105  16:14  Phoenix x2  
  109  16:20  Phoenix x2  
  113  16:35  Phoenix x2  
  117  16:45  Phoenix x2  
  121  16:57  Phoenix x2  
  125  17:08  Photon Cannon  
  125  17:09  Photon Cannon  
  125  17:11  Phoenix  
  125  17:12  Phoenix  
  129  18:20  Phoenix x2  
  129  18:23  Phoenix  
  129  18:24  Phoenix  
  137  18:42  Phoenix  
  139  18:48  Phoenix  
Show
View Real Time Build Order
Export as new Build Order

raiver Terran 

Build Orders: MMM Bio 

Get SALT Encoding   

  12  0:01  SCV  
  13  0:13  SCV  
  14  0:24  Supply Depot  
  14  0:25  SCV  
  15  0:45  SCV  
  15  0:49  Barracks  
  16  0:57  SCV  
  16  1:00  Refinery  
  17  1:09  SCV  
  18  1:21  SCV  
  19  1:34  SCV  
  20  1:46  SCV  
  21  1:49  Marine, Supply Depot  
  22  1:58  SCV  
  23  2:23  SCV, Factory  
  23  2:27  Marine  
  25  2:37  Barracks  
  24  2:45  Marine  
  25  2:55  SCV  
  26  3:03  Marine  
  27  3:09  Factory Tech Lab, Starport  
  27  3:13  Orbital Command  
  27  3:17  Supply Depot  
  27  3:26  Barracks Reactor, Barracks Tech Lab  
  27  3:37  Supply Depot  
  27  3:45  Marine, Engineering Bay  
  28  3:53  Starport Reactor  
  28  4:03  Marine  
  28  4:05  Marine  
  30  4:13  Command Center  
  30  4:19  Refinery  
  30  4:20  Marine  
  31  4:24  Stimpack  
  31  4:27  SCV  
  32  4:31  Missile Turret  
  32  4:38  Marine  
  32  4:39  SCV  
  32  4:42  Bunker  
  33  4:59  Marine  
  30  5:00  Marine  
  30  5:07  Marine  
  30  5:09  Siege Tank  
  33  5:17  Marine x2  
  34  5:23  SCV  
  35  5:35  Supply Depot  
  35  5:37  Marine x2  
  35  5:38  Medivac  
  35  5:40  SCV  
  40  5:47  Medivac  
  42  5:50  Marine  
  42  5:55  Marine  
  44  6:22  Orbital Command  
  44  6:23  Liberator  
  44  6:24  Marine  
  45  6:38  Marine x2  
  45  6:39  Bunker  
  47  6:41  SCV  
  51  6:53  Missile Turret  
  51  6:54  SCV x2  
  53  7:05  Missile Turret  
  53  7:06  SCV x2  
  55  7:16  Siege Tank  
  55  7:17  Missile Turret  
  55  7:18  SCV x2  
  60  7:26  Refinery  
  60  7:30  SCV x2  
  62  7:40  Supply Depot  
  62  7:47  Supply Depot  
  62  7:48  Supply Depot  
  62  7:57  Refinery  
  62  8:01  Viking x2, SCV x2, Marauder  
  70  8:08  Marine x2  
  70  8:12  Supply Depot  
  72  8:13  SCV x2  
  72  8:18  Barracks x2  
  74  8:22  Marine  
  74  8:25  SCV x2  
  74  8:26  Marine x2  
  79  8:37  SCV x2  
  79  8:40  Marine  
  82  8:44  Marine x2  
  78  8:50  SCV x2  
  78  8:55  Viking x2  
  74  8:57  Starport  
  74  8:58  Marine  
  74  8:59  Terran Infantry Weapons Level 1  
  74  9:02  Marine x2  
  77  9:05  SCV  
  78  9:10  Barracks Tech Lab  
  78  9:11  Barracks Tech Lab  
  78  9:16  Marine  
  79  9:19  Marine x2  
  81  9:25  Viking x2  
  81  9:31  Missile Turret  
  85  9:34  Marauder  
  85  9:37  Marine  
  88  9:49  Concussive Shells, Combat Shields  
  88  9:52  Starport Reactor  
  88  9:55  Marauder  
  88  9:57  Marine x4  
  94  10:21  SCV x2, Marine x2, Command Center  
  94  10:22  Marauder  
  94  10:24  Supply Depot  
  94  10:26  Supply Depot  
  94  10:27  Supply Depot  
  100  10:32  Armory  
  100  10:34  SCV  
  101  10:35  Barracks  
  101  10:37  Barracks  
  101  10:38  Marine x2  
  101  10:39  Marine  
  101  10:41  Supply Depot  
  104  10:50  Missile Turret  
  104  10:53  Widow Mine  
  106  10:58  Terran Infantry Armor Level 1  
  106  11:02  Viking  
  108  11:05  Marine  
  108  11:06  Marine  
  108  11:10  Missile Turret  
  110  11:12  Medivac  
  110  11:16  Marauder  
  114  11:21  Widow Mine  
  116  11:26  Marine x3  
  116  11:29  Barracks Reactor x2  
  119  11:35  Supply Depot  
  119  11:36  Supply Depot  
  117  11:44  Marine  
  117  11:45  Marine  
  95  12:05  Command Center  
  95  12:08  Marine x3  
  97  12:09  Marine x2  
  97  12:10  Marine  
  101  12:22  Supply Depot x2  
  101  12:25  Marine x3  
  104  12:49  Marine x4  
  104  12:50  Marine x2  
  110  12:52  Terran Vehicle Weapons Level 1  
  110  12:53  Terran Infantry Weapons Level 2  
  110  13:01  Viking x3  
  116  13:06  Marine x3  
  116  13:07  Marine  
  120  13:19  Missile Turret  
  120  13:21  Viking  
  122  13:31  Viking, Medivac x2  
  128  13:45  Marine x5  
  133  13:54  Orbital Command  
  133  13:59  Marine  
  130  14:31  Marine x3  
  130  14:32  Marine x2  
  125  14:39  Marine x4  
  129  14:49  Marine x5  
  134  14:56  Marine  
  134  14:57  Marauder x2  
  137  15:03  Marine  
  138  15:07  Marine x5  
  143  15:14  Marine  
  143  15:18  Marine x2  
  143  15:20  Viking  
  143  15:21  Marine  
  149  15:25  Marine x2  
  149  15:26  Marine x2  
  153  15:31  Marine  
  153  15:32  Marine  
  153  15:34  SCV x2  
  157  15:35  SCV  
  157  15:36  Marine  
  151  16:01  Marine x2  
  151  16:04  Marine x3  
  140  16:12  Marine  
  140  16:13  Marine  
  140  16:14  Marine  
  140  16:18  Bunker  
  139  16:38  Marine x2  
  141  16:40  Thor  
  141  16:42  Marine  
  141  16:43  Marine  
  141  16:45  Medivac x4  
  157  16:50  SCV x2  
  159  17:04  Command Center  
  159  17:15  Medivac  
  161  17:23  Thor  
  167  17:55  Marine x6  
  173  18:06  Thor  
  179  18:43  Orbital Command  
  176  19:27  Marine x3  
  176  19:28  Marine x6  
Show
View Real Time Build Order
Export as new Build Order

INTHEMIX Protoss 

Build Orders: Oracle Opening 

Get SALT Encoding   

  12  0:03  Probe (Chrono Boost)  
  13  0:13  Probe (Chrono Boost)  
  14  0:21  Pylon  
  14  0:24  Probe (Chrono Boost)  
  15  0:39  Probe (Chrono Boost)  
  15  0:40  Gateway  
  16  0:44  Assimilator  
  17  0:50  Probe (Chrono Boost)  
  17  1:00  Probe (Chrono Boost)  
  18  1:11  Probe (Chrono Boost)  
  19  1:14  Assimilator  
  19  1:18  Pylon  
  19  1:21  Probe (Chrono Boost)  
  20  1:30  Cybernetics Core  
  20  1:32  Probe (Chrono Boost)  
  21  1:42  Probe (Chrono Boost)  
  22  1:53  Probe (Chrono Boost)  
  23  1:56  Pylon  
  23  2:03  Probe (Chrono Boost)  
  23  2:06  Adept  
  26  2:12  Stargate  
  26  2:20  Mothership Core (Chrono Boost)  
  28  2:29  Adept  
  30  2:41  Gateway  
  30  2:52  Stalker  
  32  3:18  Stalker  
  30  3:23  Oracle  
  33  3:36  Stalker  
  35  3:45  Stalker  
  37  4:03  Phoenix  
  37  4:09  Warp Gate  
  39  4:13  Pylon  
  39  4:31  Stalker  
  41  4:52  Phoenix  
  43  5:01  Stargate  
  43  5:15  Phoenix  
  45  5:27  Pylon  
  45  5:29  Pylon  
  45  5:34  Forge, Nexus  
  45  5:36  Assimilator  
  45  5:38  Assimilator  
  45  5:40  Pylon  
  45  5:42  Pylon  
  45  5:54  Protoss Air Weapons Level 1  
  45  5:56  Phoenix  
  47  6:08  Phoenix  
  49  6:15  Photon Cannon  
  49  6:18  Photon Cannon  
  49  6:20  Photon Cannon  
  49  6:21  Pylon  
  49  6:22  Photon Cannon  
  49  6:28  Photon Cannon  
  49  6:34  Phoenix  
  48  6:55  Phoenix  
  50  7:07  Probe (Chrono Boost)  
  51  7:14  Phoenix  
  53  7:18  Probe (Chrono Boost)  
  53  7:20  Phoenix  
  54  7:28  Probe (Chrono Boost)  
  57  7:37  Phoenix  
  57  7:39  Probe (Chrono Boost)  
  60  7:44  Phoenix  
  62  7:55  Probe (Chrono Boost)  
  63  8:05  Phoenix, Pylon  
  65  8:31  Fleet Beacon  
  65  8:40  Phoenix  
  67  8:52  Phoenix  
  70  9:03  Probe (Chrono Boost)  
  70  9:15  Probe (Chrono Boost)  
  67  9:33  Phoenix  
  67  9:34  Phoenix  
  69  9:55  Phoenix  
  69  9:58  Phoenix, Anion Pulse-Crystals  
  73  10:16  Carrier  
  79  10:31  Probe (Chrono Boost)  
  80  10:42  Probe (Chrono Boost)  
  81  10:52  Probe (Chrono Boost)  
  81  10:54  Nexus  
  82  10:59  Pylon  
  82  11:03  Probe (Chrono Boost)  
  83  11:25  Phoenix  
  75  11:38  Phoenix  
  75  11:50  Phoenix  
  76  11:54  Probe (Chrono Boost)  
  76  12:04  Probe (Chrono Boost)  
  77  12:21  Carrier  
  67  12:34  Carrier  
  68  12:43  Stalker x2  
  71  12:47  Probe (Chrono Boost)  
  63  12:57  Probe (Chrono Boost)  
  62  13:08  Nexus  
  62  13:46  Photon Cannon  
  62  14:13  Graviton Catapult  
  62  14:14  Photon Cannon  
  62  14:26  Probe (Chrono Boost)  
  63  14:33  Probe (Chrono Boost)  
  64  14:38  Photon Cannon  
  64  14:45  Pylon  
  64  14:48  Probe (Chrono Boost)  
  65  14:53  Photon Cannon  
  65  14:58  Probe (Chrono Boost)  
  66  15:05  Robotics Facility  
  62  15:40  Adept x2  
  62  15:41  Carrier  
  72  15:56  Probe (Chrono Boost)  
  71  16:00  Photon Cannon, Probe (Chrono Boost)  
  71  16:01  Carrier  
  78  16:10  Probe (Chrono Boost)  
  80  16:18  Observer  
  80  16:21  Probe (Chrono Boost)  
  81  16:32  Probe (Chrono Boost)  
  82  16:33  Photon Cannon, Probe (Chrono Boost)  
  82  16:36  Assimilator  
  82  16:37  Assimilator  
  83  16:42  Probe (Chrono Boost)  
  83  16:43  Twilight Council  
  83  16:46  Photon Cannon  
  84  16:53  Probe (Chrono Boost)  
  85  16:57  Twilight Council  
  85  17:03  Probe (Chrono Boost)  
  86  17:10  Probe (Chrono Boost)  
  87  17:21  Carrier  
  93  17:35  Stalker  
  93  17:36  Stalker  
  85  17:55  Observer  
  85  17:56  Carrier  
  92  18:08  Adept x2  
  96  18:25  Probe (Chrono Boost)  
  96  18:27  Photon Cannon  
  97  18:28  Photon Cannon  
  97  18:42  Templar Archives, Probe (Chrono Boost)  
  97  18:44  Probe (Chrono Boost)  
  99  18:52  Probe (Chrono Boost)  
  97  19:18  Nexus  
  97  19:30  Pylon  
  97  19:37  High Templar x2  
  101  19:40  Pylon  
  101  19:42  Archon  
  101  19:45  Pylon  
Show
View Real Time Build Order
Export as new Build Order

tnsl Terran 

Build Orders: MMM Bio 

Get SALT Encoding   

  12  0:03  SCV  
  13  0:15  SCV  
  14  0:28  SCV  
  15  0:42  Supply Depot  
  15  0:45  Refinery  
  15  1:04  SCV  
  16  1:09  Barracks  
  16  1:16  SCV  
  17  1:28  SCV  
  18  1:36  Barracks  
  18  1:40  SCV  
  18  1:45  Supply Depot  
  19  1:52  SCV  
  20  1:59  Barracks Reactor  
  20  2:00  Refinery  
  20  2:04  SCV  
  20  2:08  Supply Depot  
  21  2:16  SCV  
  22  2:28  SCV  
  22  2:29  Barracks Tech Lab  
  23  2:30  Supply Depot  
  23  2:32  Supply Depot  
  23  2:37  Marine x2  
  23  2:40  SCV  
  25  2:52  Factory  
  25  2:53  SCV  
  25  2:55  Marine x2  
  28  3:01  Marine  
  28  3:05  SCV  
  29  3:12  Marine  
  29  3:15  Marine  
  29  3:19  Marine  
  30  3:30  Marine  
  31  3:37  Marine  
  31  3:40  Supply Depot  
  29  3:47  Orbital Command  
  29  3:48  Marine  
  29  3:51  Supply Depot, Siege Tank  
  33  3:56  Barracks Tech Lab  
  33  3:58  Marine  
  33  4:12  Marine  
  33  4:15  Marine  
  33  4:18  Marauder  
  33  4:20  SCV  
  36  4:30  Marine  
  37  4:33  Marine  
  37  4:37  Starport  
  35  4:57  Marine  
  35  4:58  Marauder, Marine  
  35  4:59  Siege Tank  
  41  5:01  SCV  
  42  5:13  SCV  
  43  5:24  Marine  
  43  5:28  Command Center  
  44  5:31  Stimpack, Siege Tank  
  47  5:51  SCV  
  48  5:59  Starport Reactor  
  48  6:03  SCV  
  49  6:10  Barracks  
  49  6:15  SCV, Supply Depot  
  50  6:27  SCV  
  50  6:30  Marine x2  
  50  6:32  Marauder  
  55  6:34  Medivac  
  55  6:39  SCV  
  58  6:45  Siege Tank  
  61  6:49  Marine x2  
  63  6:54  Medivac  
  63  7:00  SCV  
  66  7:09  Barracks Reactor  
  66  7:11  Supply Depot  
  66  7:12  SCV  
  67  7:21  Orbital Command  
  67  7:24  Refinery  
  67  7:25  Marauder  
  69  7:31  Combat Shields  
  69  7:34  Marine x2  
  71  7:45  Marine  
  71  7:46  Marauder, Marine  
  75  7:51  Marine  
  75  7:52  Marine  
  77  7:59  Barracks  
  77  8:00  Engineering Bay  
  77  8:03  Marine  
  77  8:04  Marine  
  79  8:07  Marauder  
  79  8:09  Marine  
  82  8:17  SCV x2  
  84  8:26  Engineering Bay  
  84  8:27  Marine  
  84  8:29  Marauder, SCV x2  
  84  8:32  Marine  
  90  8:34  Marine  
  90  8:41  SCV  
  91  8:50  Marauder, Concussive Shells  
  91  8:54  Marine  
  94  8:56  Supply Depot  
  94  9:06  Marine  
  94  9:07  Missile Turret, Marine  
  94  9:09  Marine x2  
  94  9:12  Marine, Medivac  
  94  9:13  Marauder  
  94  9:14  Medivac  
  94  9:15  Siege Tank  
  81  9:24  Marine  
  81  9:25  Marine  
  81  9:26  Marine x2  
  81  9:30  Marine  
  86  9:34  Marauder  
  86  9:42  Marine, Medivac  
  86  9:43  Marine  
  86  9:44  Marine x2  
  88  9:47  Siege Tank  
  88  9:48  Marine  
  88  9:56  Marauder  
  90  10:00  Marine  
  90  10:01  Missile Turret  
  91  10:08  Missile Turret, Marine x3  
  94  10:19  Siege Tank  
  94  10:20  Marine  
  98  10:24  Marine  
  98  10:25  Marauder  
  98  10:26  Marine  
  102  10:37  Marine  
  102  10:38  Marine, Medivac  
  93  10:49  Marine x3  
  95  10:50  Marine  
  95  10:51  Medivac  
  95  10:55  Marine  
  100  11:08  Medivac  
  102  11:12  SCV x2  
  76  11:21  Medivac  
  76  11:22  Marauder, Marine x4  
  76  11:23  Marine  
  84  11:32  Refinery  
  84  11:35  Command Center  
  84  11:39  SCV  
  85  11:40  Marine x5  
  85  11:42  Medivac  
  85  11:43  Marine  
  93  11:48  Terran Infantry Weapons Level 1  
  93  11:50  Terran Infantry Armor Level 1  
  93  11:51  Medivac  
  69  12:01  Marauder  
  69  12:05  Marine x5  
  76  12:12  Medivac  
  78  12:22  Marine  
  78  12:23  Marauder, Marine x2  
  78  12:24  Armory  
  78  12:26  Marine  
  78  12:27  Marine  
  85  12:35  Widow Mine  
  87  12:40  Marine x2  
  87  12:41  Marine  
  90  12:44  Marauder  
  90  12:48  Marine x2  
  94  13:03  Widow Mine  
  96  13:06  Marauder, Marine x3  
  96  13:07  Marine x2  
  103  13:13  Supply Depot  
  103  13:24  Marine x3  
  104  13:27  Marauder  
  106  13:34  Orbital Command  
  106  13:48  Marauder  
  106  13:55  Marine  
  106  13:56  Command Center  
  109  14:10  Marauder  
  57  14:42  Marauder, Marine x4  
  57  14:43  Marine  
  57  14:45  Medivac  
  57  14:46  Medivac  
  54  14:57  Orbital Command  
  52  15:00  Marine x4  
  52  15:01  Terran Infantry Weapons Level 2  
  51  15:15  Medivac  
  52  15:22  Marine  
  52  15:23  Marine x2  
  46  15:35  Marine  
  28  16:58  Orbital Command  
  28  17:46  Marine x5  
  28  17:47  Marine  
  24  19:03  Marine  
  24  19:04  Marine  
  24  19:08  Marine x2  
  24  19:09  Marine  
  23  19:46  Command Center  
Tags
 
Add a new tag
Caveats
  • Supply blocks, unpowered buildings, or Contaminate may cause inaccurate times.
  • Supply counts are checked every 10 seconds.